 Adventure DCSS version bcrawl-1.27.3 (webtiles) character file.

Game seed: 3180722488049257255

191397 galech the Chopper (level 7, 57/57 HPs)
             Began as a Demonspawn Fighter on Sept 28, 2020.
             Quit the game on level 6 of the Dungeon.
             The game lasted 00:08:50 (5496 turns).

galech the Chopper (Demonspawn Fighter)             Turns: 5496, Time: 00:08:51

Health: 57/57      AC:  8    Str: 18    XL:     7   Next: 92%
Magic:  7/7        EV: 11    Int:  9    God:
Gold:   315        SH:  0    Dex: 14    Spells: 6/6 levels left
                                        Lives:  1   Deaths: 1

rFire    . . .     SeeInvis .   a - +0 war axe
rCold    . . .     Gourm    .   (no shield)
rNeg     . . .     Faith    .   b - +0 scale mail
rPois    .         Spirit   .   (no helmet)
rElec    .         Reflect  .   f - +0 cloak
rCorr    .         Harm     .   g - -1 pair of gloves (curse)
MR       .....                  (no boots)
Stlth    ..........             (no amulet)
HPRegen  0.19/turn              (no ring)
MPRegen  0.10/turn              (no ring)

@: no status effects
A: claws 2, talons 2, powered by death 1
a: no special abilities


You were on level 6 of the Dungeon.
You were not hungry.

You visited 1 branch of the dungeon, and saw 6 of its levels.

You collected 315 gold pieces.

Inventory:

Hand Weapons
 a - a +0 war axe (weapon)
 d - the cursed +1 spear of Excruciating Pain {flame, +Fly Str+4, unknown}
   (You found it on level 4 of the Dungeon)

   It has been specially enchanted to surge with flame as it hits, increasing
   damage dealt by approximately one third against foes not resistant or
   susceptible to fire.
   It affects your strength (+4).
   It lets you fly.
   It has a curse placed upon it.
Armour
 b - a +0 scale mail (worn)
 c - a +0 medium shield
 f - a +0 cloak (worn)
 g - a cursed -1 pair of gloves (worn)
 y - a +0 chain mail
Wands
 r - a wand of flame (12)
Scrolls
 h - a scroll of blinking {unknown}
 j - 2 scrolls of immolation
 k - a scroll of amnesia {unknown}
 l - 4 scrolls of teleportation
 m - 2 scrolls of remove curse {unknown}
 p - a scroll of fear {unknown}
 t - a scroll of fog {unknown}
 u - 2 scrolls of magic mapping
Potions
 i - a potion of haste {unknown}
 n - a potion of heal wounds {unknown}
 o - a potion of brilliance {unknown}
 q - a potion of cancellation {unknown}
 s - 4 potions of curing
 v - a potion of lignification {unknown}
 w - a potion of invisibility {unknown}
Comestibles
 e - 10 rations {!d}


   Skills:
 + Level 5.6 Fighting
 + Level 7.4 Axes
 + Level 5.3 Armour
 + Level 2.8 Dodging
 + Level 0.7 Stealth
 + Level 3.9 Shields


You had 6 spell levels left.
You didn't know any spells.
Your spell library contained the following spells:

 Spells                   Type           Power        Failure   Level  Hunger
 Beastly Appendage        Tmut           #.....       75%         1    None
 Passwall                 Tmut/Erth      #.......     87%         2    ####...
 Sticks to Snakes         Tmut           #.......     87%         2    ####...
 Spider Form              Tmut/Pois      #..          98%         3    #####..
 Ice Form                 Ice/Tmut       #.......     100%        4    ######.
 Blade Hands              Tmut           #.........   100%        5    #######


Dungeon Overview and Level Annotations

Branches:
Dungeon (6/12)
 Temple: D:4-7

Altars:
Cheibriados
Fedhas
Hepliaklqana
Lugonu
Makhleb
Nemelex Xobeh
Ru
Zin

Annotations:
D:2 exclusion: oklob plant


Innate Abilities, Weirdness & Mutations

You have very sharp fingernails.
You have razor-sharp toenails.
You regenerate a little health from kills.


Message History

You feel drained.
* * * LOW HITPOINT WARNING * * *
You hit the wight. Your kick misses the wight.
The wight is severely damaged.
The wight hits you with a cursed +2 scimitar!
* * * LOW HITPOINT WARNING * * *
You hit the wight but do no damage.
The wight is severely damaged.
The wight closely misses you.
You closely miss the wight.
The wight is severely damaged.
The wight hits you but does no damage.
You barely miss the wight. You claw the wight, but do no damage.
The wight is severely damaged.
The wight hits you with a cursed +2 scimitar!
You die...
Xom reaches out...
You are now level 7!
You rejoin the land of the living...
Are you sure you want to abandon this character and quit the game? (Confirm with "yes".)

..# ..#
..#
##..#
#...#
##...#
#....#
#.@..#
#....##
#...##
##..#
#...
##..
#..
##.#


There were no monsters in sight!

Vanquished Creatures
  Pikel (D:5)
  Grinder (D:4)
  Menkaure (D:4)
  2 sky beasts
  3 slaves
  An ogre (D:5)
  A centaur (D:3)
  A bullfrog (D:6)
  A scorpion (D:4)
  A wight (D:6)
  2 crimson imps (D:4)
  A centaur zombie (D:3)
  A hound (D:4)
  5 orc priests
  A bullfrog skeleton (D:3)
  An orc wizard (D:5)
  An iguana (D:6)
  2 worker ants
  Terence (D:2)
  A killer bee zombie (D:5)
  A hound skeleton (D:6)
  7 adders
  A shadow imp (D:5)
  2 oozes
  4 worms
  2 dart slugs
  5 leopard geckos
  15 orcs
  2 ball pythons
  6 bats
  A giant cockroach (D:1)
  7 goblins
  5 hobgoblins
  4 jackals (D:2)
  6 quokkas
  3 frilled lizards
  4 kobolds
  3 rats
107 creatures vanquished.

Vanquished Creatures (others)
  2 orcs (D:4)
2 creatures vanquished.

Grand Total: 109 creatures vanquished

Notes
Turn   | Place    | Note
-------+----------+-------------------------------------------
     0 | D:1      | galech the Demonspawn Fighter began the quest for the Orb.
     0 | D:1      | Reached XP level 1. HP: 18/18 MP: 1/1
   209 | D:1      | Gained mutation: You regenerate a little health from kills.
                  | [demonic ancestry]
   209 | D:1      | Reached XP level 2. HP: 7/24 MP: 2/2
   639 | D:1      | Reached skill level 2 in Axes
   833 | D:2      | Found a blossoming altar of Fedhas.
   847 | D:2      | Noticed an oklob plant
  1011 | D:2      | Gained mutation: You have sharp fingernails. [demonic
                  | ancestry]
  1011 | D:2      | Reached XP level 3. HP: 28/29 MP: 3/3
  1103 | D:2      | Noticed Terence
  1111 | D:2      | Killed Terence
  1301 | D:2      | Gained mutation: You have sharp toenails. [demonic
                  | ancestry]
  1301 | D:2      | Reached XP level 4. HP: 24/35 MP: 4/4
  1602 | D:2      | Found a glowing silver altar of Zin.
  1774 | D:3      | Noticed a centaur
  1780 | D:3      | Killed a centaur
  1780 | D:3      | Reached skill level 3 in Axes
  1780 | D:3      | Reached skill level 1 in Dodging
  1780 | D:3      | Gained mutation: You have razor-sharp toenails. [demonic
                  | ancestry]
  1780 | D:3      | Reached XP level 5. HP: 24/41 MP: 5/5
  1888 | D:3      | Found a sacrificial altar of Ru.
  2443 | D:3      | Found a sparkling altar of Nemelex Xobeh.
  2453 | D:3      | Reached XP level 6. HP: 47/48 MP: 6/6
  2508 | D:4      | Found a corrupted altar of Lugonu.
  2509 | D:4      | Found a sparkling altar of Nemelex Xobeh.
  2510 | D:4      | Found a hazy altar of Hepliaklqana.
  2529 | D:4      | Noticed a slave
  2532 | D:4      | Noticed a slave
  2533 | D:4      | Noticed a sky beast
  2535 | D:4      | Killed a slave
  2542 | D:4      | Killed a slave
  2552 | D:4      | Killed a sky beast
  2553 | D:4      | Noticed Grinder
  2555 | D:5      | Entered Level 5 of the Dungeon
  2655 | D:4      | Noticed a sky beast
  2877 | D:5      | Reached skill level 4 in Axes
  2936 | D:5      | Reached XP level 7. HP: 42/54 MP: 7/7
  3926 | D:5      | Reached skill level 5 in Axes
  3955 | D:4      | Noticed Pikel
  3992 | D:5      | Killed Pikel
  3992 | D:5      | Reached skill level 6 in Axes
  3992 | D:5      | Gained mutation: You have very sharp fingernails. [demonic
                  | ancestry]
  3992 | D:5      | Reached XP level 8. HP: 22/61 MP: 8/8
  4145 | D:4      | Killed Grinder
  4145 | D:4      | Reached skill level 5 in Fighting
  4289 | D:4      | Noticed Menkaure
  4406 | D:4      | Got a brightly glowing spear
  4429 | D:4      | Found a snail-covered altar of Cheibriados.
  4509 | D:4      | Reached skill level 5 in Armour
  4606 | D:4      | Killed Menkaure
  4919 | D:4      | Found a burning altar of Makhleb.
  4919 | D:4      | Noticed an Executioner
  4922 | D:4      | Noticed an orange demon
  5008 | D:4      | Reached skill level 7 in Axes
  5495 | D:6      | Slain by a wight
  5496 | D:6      | Reached XP level 7. HP: -4/57 MP: 7/7
  5496 | D:6      | Quit the game

Skill      XL: |  1  2  3  4  5  6  7  8 |
---------------+-------------------------+-----
Axes           | 2 3 4 6 7 |  7.4
Armour         | 3 4 5 |  5.3
Shields        | 3 |  3.9
Dodging        | 1 2 |  2.8
Fighting       | 4 5 |  5.6
Stealth        | |  0.7

Action                   |  1- 3 |  4- 6 |  7- 9 || total
-------------------------+-------+-------+-------++-------
Melee: War axe           |   134 |   125 |   168 ||   427
       Kick              |       |    34 |    45 ||    79
  Use: Scroll            |     1 |     1 |     1 ||     3
       Potion            |       |     1 |     1 ||     2
  Eat: Chunk             |     7 |     9 |    13 ||    29
Armor: Scale mail        |    75 |    58 |    73 ||   206
Dodge: Dodged            |    31 |    39 |   101 ||   171
Block: Medium shield     |    70 |    35 |       ||   105
